[Event "Czech Youth U14 Boys 2024"]
[Site "Kouty nad Desnou"]
[Date "2024.03.10"]
[Round "2.8"]
[White "Jezek, Jakub"]
[Black "Komarek, Tobias"]
[Result "0-1"]
[ECO "E07"]
[WhiteElo "1854"]
[BlackElo "1822"]
[Annotator "NA RC"]
[PlyCount "168"]
[EventDate "2024.03.10"]
[EventType "swiss"]
[EventCountry "CZE"]
[SourceTitle "playchess.com"]
[Source "ChessBase"]
[SourceQuality "1"]
[TimeControl "40/5400+30:1800+30"]

1. d4 Nf6 2. c4 e6 3. Nf3 d5 4. g3 Be7 5. Bg2 O-O 6. O-O Nbd7 7. Nc3 dxc4 8. a4 Nd5 9. Nd2 Nxc3 10. bxc3 Nb6 11. a5 Nd5 12. Qc2 c5 13. e4 Nc7 14. Bb2 Nb5 15. Qa4 Bd7 16. Qxc4 cxd4 17. cxd4 Rc8 18. Qb3 Bc6 19. d5 exd5 20. exd5 Bd7 21. Ne4 Nd6 22. Bd4 Nb5 23. Be5 Bc5 24. Nxc5 Rxc5 25. Qb2 f6 26. Bf4 a6 27. Be3 Rc8 28. Bb6 Qe7 29. Rfe1 Qd6 30. Rac1 Rxc1 31. Qxc1 Rc8 32. Qd2 Re8 33. Rc1 Qe5 34. d6 Qxd6 35. Qxd6 Nxd6 36. Rd1 Bf5 37. Bd5+ Be6 38. Bxe6+ Rxe6 39. Rc1 Nb5 40. Rc8+ Kf7 41. Kg2 Re8 42. Rc2 Re7 43. Rd2 Kg6 44. h4 Kf7 45. Bc5 Re5 46. Bb6 Ke7 47. Kf3 Nd6 48. Rc2 Nb5 49. Rc8 Kf7 50. Rd8 Re7 51. Rd1 Ke6 52. g4 Kf7 53. Rd8 g6 54. Rd1 Ke6 55. Rd8 Nd6 56. Bc5 Rd7 57. Rf8 Nf7 58. Ke4 Rd8 59. Rxd8 Nxd8 60. Bd4 Nc6 61. Bc3 Na7 62. f4 f5+ 63. Kf3 Nb5 64. Bb2 h5 65. gxh5 gxh5 66. Ke3 Kd5 67. Kd3 Na7 68. Bd4 Nc6 69. Bb6 Ne7 70. Bf2 Ng6 71. Bg3 Kc5 72. Ke3 Ne7 73. Be1 Nc6 74. Kd3 Kb5 75. Ke3 Kc4 76. Bd2 Nb4 77. Bc1 Nd5+ 78. Kf3 Kd3 79. Ba3 Ne3 80. Be7 Nc4 81. Bd8 Kc3 82. Ke2 Kb4 83. Kd3 Nxa5 84. Be7+ Kb5 0-1

[Event "Czech Youth U14 Boys 2024"]
[Site "Kouty nad Desnou"]
[Date "2024.03.10"]
[Round "2.9"]
[White "Kutil, Adam"]
[Black "Pogorelskiy, Boris"]
[Result "1-0"]
[ECO "B00"]
[WhiteElo "1820"]
[BlackElo "1747"]
[Annotator "NA RC"]
[PlyCount "39"]
[EventDate "2024.03.10"]
[EventType "swiss"]
[EventCountry "CZE"]
[SourceTitle "playchess.com"]
[Source "ChessBase"]
[SourceQuality "1"]
[TimeControl "40/5400+30:1800+30"]

1. e4 d6 2. d4 Nf6 3. Bd3 Nbd7 4. Ne2 e5 5. c3 Be7 6. O-O O-O 7. f4 exf4 8. Bxf4 Re8 9. Nd2 Nh5 10. Be3 Bg5 11. Bf2 Nf4 12. Nxf4 Bxf4 13. Nf3 Nf6 14. Bh4 Bg4 15. Qc2 h6 16. Rae1 Bxf3 17. Bxf6 Qxf6 18. Rxf3 Bxh2+ 19. Kf1 Qh4 20. Qf2 1-0

[Event "Czech Youth U14 Boys 2024"]
[Site "Kouty nad Desnou"]
[Date "2024.03.10"]
[Round "2.10"]
[White "Stara, Zuzana"]
[Black "Srba, Daniel"]
[Result "1/2-1/2"]
[ECO "B22"]
[WhiteElo "1807"]
[BlackElo "1742"]
[Annotator "NA RC"]
[PlyCount "105"]
[EventDate "2024.03.10"]
[EventType "swiss"]
[EventCountry "CZE"]
[SourceTitle "playchess.com"]
[Source "ChessBase"]
[SourceQuality "1"]
[TimeControl "40/5400+30:1800+30"]

1. e4 c5 2. c3 g6 3. d4 cxd4 4. cxd4 Bg7 5. Nf3 Nc6 6. Nc3 d6 7. Bc4 Nf6 8. O-O O-O 9. h3 Bd7 10. Be3 Rc8 11. Bb3 Na5 12. Qd2 Nxb3 13. axb3 a6 14. Rad1 Bc6 15. Qd3 d5 16. e5 Ne4 17. Nd2 f5 18. Ndxe4 dxe4 19. Qd2 Bd5 20. b4 Bc4 21. Rfe1 Bd3 22. Rc1 Qd7 23. b3 b5 24. f4 e6 25. Ra1 Rc6 26. Rec1 Rfc8 27. Qe1 Bf8 28. Na2 Rc2 29. Bf2 Bh6 30. g3 g5 31. Rxc2 Bxc2 32. Be3 gxf4 33. gxf4 Qg7+ 34. Kh2 Bxb3 35. Nc3 Rc6 36. Qd2 Qc7 37. Rg1+ Kf7 38. Rc1 Bf8 39. Qb2 Bxb4 40. Qxb3 Rxc3 41. Qd1 Rxc1 42. Bxc1 Ke7 43. Be3 Qc3 44. Qg1 Kd7 45. d5 Qc2+ 46. Kh1 exd5 47. Qg7+ Be7 48. e6+ Kd6 49. Qe5+ Kc6 50. Qd4 Qb1+ 51. Kh2 Qa2+ 52. Kh1 Qa5 53. Qa7 1/2-1/2

[Event "Czech Youth U14 Boys 2024"]
[Site "Kouty nad Desnou"]
[Date "2024.03.10"]
[Round "2.11"]
[White "Trcalek, Filip"]
[Black "Sotek, Simon"]
[Result "0-1"]
[ECO "B01"]
[WhiteElo "1615"]
[BlackElo "1793"]
[Annotator "NA RC"]
[PlyCount "66"]
[EventDate "2024.03.10"]
[EventType "swiss"]
[EventCountry "CZE"]
[SourceTitle "playchess.com"]
[Source "ChessBase"]
[SourceQuality "1"]
[TimeControl "40/5400+30:1800+30"]

1. e4 d5 2. exd5 Nf6 3. d4 Nxd5 4. Nf3 Bg4 5. Be2 e6 6. O-O c6 7. h3 Bh5 8. c4 Nb6 9. c5 Nd5 10. Qb3 b6 11. cxb6 Qxb6 12. Nbd2 Bxf3 13. Bxf3 Nd7 14. Bxd5 cxd5 15. Qxb6 axb6 16. Nf3 Bd6 17. Be3 Ke7 18. Rfc1 f6 19. a3 b5 20. b4 Nb6 21. Nd2 Kd7 22. Kf1 Ra4 23. Rc3 Rha8 24. Nb3 Nc4 25. Nc5+ Bxc5 26. bxc5 b4 27. Rb3 Rxa3 28. Rab1 Rxb3 29. Rxb3 Ra4 30. Ke2 Kc6 31. g3 Kb5 32. h4 Ra1 33. Kd3 Ka4 0-1

[Event "Czech Youth U14 Boys 2024"]
[Site "Kouty nad Desnou"]
[Date "2024.03.10"]
[Round "2.12"]
[White "Macosek, Alex"]
[Black "Lorenc, Matej"]
[Result "1-0"]
[ECO "A80"]
[WhiteElo "1781"]
[BlackElo "1637"]
[Annotator "NA RC"]
[PlyCount "109"]
[EventDate "2024.03.10"]
[EventType "swiss"]
[EventCountry "CZE"]
[SourceTitle "playchess.com"]
[Source "ChessBase"]
[SourceQuality "1"]
[TimeControl "40/5400+30:1800+30"]

1. d4 f5 2. Bf4 Nf6 3. e3 g6 4. Be2 d6 5. Nf3 Bg7 6. O-O Nbd7 7. h3 c5 8. c3 Qb6 9. Nbd2 Qc7 10. Qb3 Nb6 11. Ng5 c4 12. Nxc4 Nbd5 13. Bh2 h6 14. Nf3 Be6 15. Ncd2 Qb6 16. Qd1 O-O 17. c4 Nb4 18. a3 Na6 19. b4 Qd8 20. Rb1 Nc7 21. Ne1 d5 22. c5 Ne4 23. Nxe4 dxe4 24. g4 Nd5 25. Rc1 Qd7 26. Ng2 fxg4 27. Bxg4 h5 28. Bxe6+ Qxe6 29. h4 Rf3 30. b5 Raf8 31. c6 bxc6 32. bxc6 Qg4 33. Qb3 e6 34. Bd6 Rc8 35. Qb7 e5 36. Qd7 exd4 37. Be5 Nf6 38. Qxd4 Qh3 39. Bxf6 Bxf6 40. Qxe4 Qf5 41. Qxf5 Rxf5 42. Rc4 Kf7 43. Rd1 Rc7 44. a4 Be5 45. f4 Bf6 46. Rb1 Ke6 47. Rb7 Bd8 48. Rd4 Rd5 49. Re4+ Kd6 50. Rxc7 Bxc7 51. Kf2 Rc5 52. Ne1 Rxc6 53. Nd3 Rc2+ 54. Kf3 Rh2 55. Nf2 1-0

[Event "Czech Youth U14 Boys 2024"]
[Site "Kouty nad Desnou"]
[Date "2024.03.11"]
[Round "3.1"]
[White "Martirosyan, David"]
[Black "Popov, Roman"]
[Result "1/2-1/2"]
[ECO "E20"]
[WhiteElo "1981"]
[BlackElo "2353"]
[Annotator "TA"]
[PlyCount "77"]
[EventDate "2024.03.10"]
[EventType "swiss"]
[EventCountry "CZE"]
[SourceTitle "playchess.com"]
[Source "ChessBase"]
[SourceQuality "1"]
[TimeControl "40/5400+30:1800+30"]

1. d4 Nf6 2. c4 e6 3. Nc3 Bb4 4. Bd2 O-O 5. e3 b6 6. Nf3 Bb7 7. Bd3 d5 8. cxd5 exd5 9. Ne5 Bd6 10. O-O c5 11. Rc1 Nc6 12. Ng4 Nxg4 13. Qxg4 g6 14. Nxd5 Nxd4 15. exd4 Bxd5 16. dxc5 Bxc5 17. Rcd1 (17. Bc3 {is more complex.} Bxg2 18. Rfd1 Bc6 19. Bxg6 Bxf2+ 20. Kf1) 17... Be6 18. Qf3 Qe7 19. a3 (19. Bc3 {feels hotter.} Qg5 20. Be4 Rab8 21. h3) 19... Rfd8 20. Bc3 {[%emt 0:02:22] aiming for b4.} Bd5 21. Qh3 (21. Qf4 $5 Bb3 $8 22. Rde1 $11) 21... Qe6 (21... Qg5 $11) 22. Qh4 $14 {[%emt 0:01:56] [#] Rfe1 would now be deadly.} Be7 23. Qd4 f6 24. Qh4 Qf7 25. Rfe1 {[%emt 0:02:33][%cal Oe1e7] Hoping for Rxe7!} Bb3 26. Rd2 Rd6 ({Better is} 26... Rac8 $14) 27. Rde2 {[%emt 0:04:31] White is more active.} Bf8 28. Be4 Rad8 29. h3 f5 30. Bf3 {[%emt 0:02:17][%cal Oe2e7] And now Re7! would win.} Rd1 31. Re3 Rxe1+ 32. Rxe1 Rd7 33. Bc6 Re7 {[%emt 0:01:22] The position is equal.} 34. Rxe7 Qxe7 35. Qf4 Qd6 36. Qf3 h6 37. g3 Qd1+ 38. Qxd1 Bxd1 39. Bd5+ {[%emt 0:00:31] Weighted Error Value: White=0.08 (flawless) /Black=0.09 (flawless) .  Mistake:       	---       	Black=2      Inaccurate:     	White=4     	Black=1      OK:         	White=15    	Black=13     Best:        	---       	Black=5} 1/2-1/2

[Event "Czech Youth U14 Boys 2024"]
[Site "Kouty nad Desnou"]
[Date "2024.03.11"]
[Round "3.2"]
[White "Soucek, Andrej"]
[Black "Roubal, Matyas"]
[Result "1-0"]
[ECO "A45"]
[WhiteElo "1825"]
[BlackElo "1849"]
[Annotator "NA RC"]
[PlyCount "75"]
[EventDate "2024.03.10"]
[EventType "swiss"]
[EventCountry "CZE"]
[SourceTitle "playchess.com"]
[Source "ChessBase"]
[SourceQuality "1"]
[TimeControl "40/5400+30:1800+30"]

1. d4 Nf6 2. Bg5 Ne4 3. Bf4 d5 4. e3 c5 5. Nd2 Bf5 6. Nxe4 {[%emt 0:06:18] A45: Trompowsky Attack.} Bxe4 7. Bxb8 Qa5+ 8. Qd2 Qxd2+ 9. Kxd2 Rxb8 10. dxc5 Rc8 11. b4 b6 12. f3 Bg6 {[#]} 13. c6 $1 e5 14. c3 (14. b5 $16) 14... Be7 15. b5 ({Don't take} 15. Bb5 $6 Kd8 $14) 15... Ba3 16. Bd3 (16. h4 $16) 16... e4 (16... a6 $11 {remains equal.}) 17. Bc2 (17. fxe4 $16 dxe4 18. Bc4) 17... O-O (17... a6 $142) 18. Ne2 exf3 19. gxf3 Bxc2 20. Kxc2 Rfe8 21. Kd3 Bc5 22. Nd4 Bxd4 23. cxd4 f5 24. a4 Rc7 25. a5 bxa5 26. Rxa5 Kf7 27. Rha1 Ree7 28. Re1 $18 (28. Rxa7 Rxa7 29. Rxa7 Rxa7 30. b6) 28... Ke6 29. e4 fxe4+ 30. fxe4 dxe4+ 31. Rxe4+ Kd6 32. Rxe7 Rxe7 33. Kc4 g5 34. Ra1 g4 35. Rf1 Re2 36. Rf6+ Ke7 37. Rh6 Rc2+ 38. Kd5 1-0

[Event "Czech Youth U14 Boys 2024"]
[Site "Kouty nad Desnou"]
[Date "2024.03.11"]
[Round "3.3"]
[White "Mydlar, Matej"]
[Black "Topencik, Bruno"]
[Result "1/2-1/2"]
[ECO "C03"]
[WhiteElo "1819"]
[BlackElo "2006"]
[Annotator "RC"]
[PlyCount "152"]
[EventDate "2024.03.10"]
[EventType "swiss"]
[EventCountry "CZE"]
[SourceTitle "playchess.com"]
[Source "ChessBase"]
[SourceQuality "1"]
[TimeControl "40/5400+30:1800+30"]

1. e4 e6 2. d4 d5 3. Nd2 Be7 4. e5 c5 5. dxc5 Nd7 6. Ngf3 Qc7 7. Bb5 Bxc5 8. O-O a6 9. Bxd7+ Bxd7 10. Nb3 Ba7 11. Bd2 Ba4 12. Bb4 Bxb3 13. axb3 Bc5 14. Bxc5 Qxc5 15. c3 Ne7 16. Nd4 Nc6 17. Nxc6 Qxc6 18. Qg4 O-O 19. Kh1 Qb6 20. Qa4 Rad8 21. Rad1 f6 22. exf6 Rxf6 23. f3 Qd6 24. g3 Rdf8 25. Kg2 Qe5 26. Qd4 Qh5 27. Qe3 Rh6 28. h4 Rg6 29. Rd4 Rgf6 30. c4 Qf7 31. Qd3 dxc4 32. bxc4 Qc7 33. b4 Rg6 34. Rd6 Qe7 35. Qd4 Rgf6 36. c5 Qc7 37. Rf2 h6 38. Qe4 a5 39. Rxe6 axb4 40. Rxf6 Rxf6 41. Qxb4 Rg6 42. g4 Rc6 43. Qc4+ Qf7 44. Qd4 Qf6 45. Qd5+ Qf7 46. Qe5 Qf8 47. Rc2 Kh8 48. Kg3 b6 49. cxb6 Rxc2 50. b7 Rc8 51. bxc8=Q Qxc8 52. g5 hxg5 53. hxg5 Qc1 54. Kg4 Qg1+ 55. Kf5 Qb1+ 56. Qe4 Qb5+ 57. Kg4 Qd7+ 58. Kh4 Qd1 59. g6 Qh1+ 60. Kg4 Qg2+ 61. Kf4 Qh2+ 62. Kf5 Qh3+ 63. Qg4 Qh1 64. Ke5 Qe1+ 65. Kf4 Qc1+ 66. Kg3 Qg1+ 67. Kh4 Qe1+ 68. Kh5 Qe5+ 69. Qg5 Qd5 70. Kg4 Qd4+ 71. f4 Qd1+ 72. Kh4 Qh1+ 73. Kg4 Qd1+ 74. Kg3 Qg1+ 75. Kh4 Qh1+ 76. Kg4 Qd1+ 1/2-1/2

[Event "Czech Youth U14 Boys 2024"]
[Site "Kouty nad Desnou"]
[Date "2024.03.11"]
[Round "3.4"]
[White "Svadlenka, Michal"]
[Black "Stary, Vojtech"]
[Result "1-0"]
[ECO "B35"]
[WhiteElo "1869"]
[BlackElo "1950"]
[Annotator "RC"]
[PlyCount "69"]
[EventDate "2024.03.10"]
[EventType "swiss"]
[EventCountry "CZE"]
[SourceTitle "playchess.com"]
[Source "ChessBase"]
[SourceQuality "1"]
[TimeControl "40/5400+30:1800+30"]

1. e4 c5 2. Nf3 Nc6 3. d4 cxd4 4. Nxd4 g6 5. Nc3 Bg7 6. Be3 Nf6 7. Bc4 O-O 8. Bb3 d6 9. f3 Bd7 10. Qd2 a6 11. O-O-O b5 12. g4 Ne5 13. Kb1 Rb8 14. h4 h5 15. gxh5 Nxh5 16. Nd5 a5 17. Bg5 Re8 18. Nf4 Qb6 19. Nxh5 Nc4 20. Bxc4 bxc4 21. c3 gxh5 22. Rhg1 Kh7 23. Be3 Qb7 24. Rxg7+ Kxg7 25. Rg1+ Kh7 26. Rg5 Bh3 27. Rxh5+ Kg6 28. Rg5+ Kh7 29. Rh5+ Kg6 30. Rh6+ Kg7 31. Ne6+ fxe6 32. Bd4+ Kf8 33. Rh8+ Kf7 34. Rh7+ Kg8 35. Qg5+ 1-0

[Event "Czech Youth U14 Boys 2024"]
[Site "Kouty nad Desnou"]
[Date "2024.03.11"]
[Round "3.5"]
[White "Kroulik, Vaclav"]
[Black "Krivka, Matej"]
[Result "1/2-1/2"]
[ECO "D35"]
[WhiteElo "1936"]
[BlackElo "1850"]
[Annotator "RC"]
[PlyCount "105"]
[EventDate "2024.03.10"]
[EventType "swiss"]
[EventCountry "CZE"]
[SourceTitle "playchess.com"]
[Source "ChessBase"]
[SourceQuality "1"]
[TimeControl "40/5400+30:1800+30"]

1. c4 e6 2. Nc3 d5 3. d4 Nf6 4. cxd5 exd5 5. Bg5 Be7 6. e3 O-O 7. Bd3 Nbd7 8. Qc2 c6 9. Nge2 Re8 10. O-O h6 11. Bh4 Nf8 12. Rae1 Ne6 13. f3 b6 14. Bf2 c5 15. Bf5 Bf8 16. Rd1 Nc7 17. Rd2 Bxf5 18. Qxf5 Qc8 19. Qxc8 Raxc8 20. dxc5 Bxc5 21. Nd4 Ne6 22. Nc2 Nc7 23. Rfd1 Kh7 24. Kf1 g5 25. g4 Bd6 26. Kg2 Be5 27. Nd4 Ne6 28. Nce2 Nxd4 29. Nxd4 Bxd4 30. Rxd4 Rc2 31. R4d2 Rec8 32. Bg3 Kg6 33. Be5 R2c5 34. Kf2 Nd7 35. Bc3 Nf6 36. Ke2 Rd8 37. e4 Re8 38. Bxf6 Kxf6 39. Rxd5 Rc2+ 40. R5d2 Rec8 41. Rxc2 Rxc2+ 42. Rd2 Rc1 43. Ke3 Re1+ 44. Kf2 Rh1 45. Kg3 Rg1+ 46. Kh3 Rf1 47. Kg2 Rc1 48. Kf2 Rh1 49. Ke3 Re1+ 50. Re2 Rc1 51. e5+ Ke6 52. Kd4 Rc5 53. b3 1/2-1/2

[Event "Czech Youth U14 Boys 2024"]
[Site "Kouty nad Desnou"]
[Date "2024.03.11"]
[Round "3.6"]
[White "Komarek, Tobias"]
[Black "Vana, Jan"]
[Result "0-1"]
[ECO "A45"]
[WhiteElo "1822"]
[BlackElo "1908"]
[Annotator "RC"]
[PlyCount "56"]
[EventDate "2024.03.10"]
[EventType "swiss"]
[EventCountry "CZE"]
[SourceTitle "playchess.com"]
[Source "ChessBase"]
[SourceQuality "1"]
[TimeControl "40/5400+30:1800+30"]

1. d4 Nf6 2. Bg5 Ne4 3. Bf4 d5 4. e3 c5 5. Bd3 Qb6 6. Bxe4 dxe4 7. b3 Bf5 8. Nc3 cxd4 9. Qxd4 Qxd4 10. exd4 e6 11. Nge2 Nc6 12. O-O Bb4 13. Rfd1 Bg4 14. Rdc1 Nxd4 15. Kf1 Rc8 16. Be5 Nxe2 17. Nxe2 Ba3 18. Ng3 Bxc1 19. Rxc1 O-O 20. c4 Bf5 21. Ne2 Rfd8 22. Bd4 Bg4 23. Bxa7 Ra8 24. Bb6 Bxe2+ 25. Kxe2 Rxa2+ 26. Ke1 Rdd2 27. b4 f5 28. c5 Re2+ 0-1

[Event "Czech Youth U14 Boys 2024"]
[Site "Kouty nad Desnou"]
[Date "2024.03.11"]
[Round "3.7"]
[White "Migalko, Dmitriy"]
[Black "Kutil, Adam"]
[Result "0-1"]
[ECO "B12"]
[WhiteElo "1896"]
[BlackElo "1820"]
[Annotator "NA RC"]
[PlyCount "66"]
[EventDate "2024.03.10"]
[EventType "swiss"]
[EventCountry "CZE"]
[SourceTitle "playchess.com"]
[Source "ChessBase"]
[SourceQuality "1"]
[TimeControl "40/5400+30:1800+30"]

1. e4 c6 2. d4 d5 3. e5 Bf5 4. h4 h6 5. g4 Be4 6. f3 Bh7 {[%emt 0:00:06] B12: Caro-Kann (Vorstoß-Variante).} 7. Bd3 Bxd3 8. Qxd3 e6 9. Be3 Qb6 10. Qb3 Qxb3 11. axb3 Nd7 12. Nc3 a6 13. Nge2 Rc8 14. h5 c5 15. O-O-O (15. f4 $14 {feels stronger.}) 15... Ne7 16. f4 Nc6 17. dxc5 Bxc5 18. Bxc5 Nxc5 19. Nd4 f6 20. exf6 gxf6 21. Nf3 Rg8 22. Rhg1 Nb4 23. g5 Ne4 $2 (23... fxg5 $11 {and Black is okay.} 24. fxg5 hxg5) 24. gxf6 $2 (24. gxh6 $18 Rh8 25. Nd4 Nxc3 26. bxc3 Rxc3 27. Rg7 (27. Nxe6 Rxh6 28. Rd2 Kd7 $16) (27. Rg6 Ke7 $18) 27... Nxc2 28. Nxc2 Rxh6 29. Kb2 (29. Rxb7 Kf8 $18)) 24... Kf7 25. Nxe4 (25. Ne5+ $1 $14 Kxf6 26. Ng4+ Kg7 27. Nf2+ (27. Nxe4 dxe4 28. c4 Nd3+ 29. Kc2 Nxf4 $11) 27... Kf8 28. Rxg8+ Kxg8 29. Nfxe4 dxe4 30. Rd4 (30. Nxe4 Rxc2+ 31. Kb1 Re2 $17)) 25... dxe4 26. Ne5+ Kxf6 27. Ng4+ {[%emt 0:04:34] [#]} Ke7 (27... Rxg4 $1 $17 28. Rxg4 Rxc2+ 29. Kb1 Rh2) 28. Ne5 $19 ({Günstiger ist} 28. c3 $15) 28... Rxc2+ 29. Kb1 Rxg1 30. Rxg1 Rh2 31. Rd1 Rxh5 32. Kc1 Nd5 33. Rg1 Nxf4 0-1

[Event "Czech Youth U14 Boys 2024"]
[Site "Kouty nad Desnou"]
[Date "2024.03.11"]
[Round "3.8"]
[White "Sotek, Simon"]
[Black "Svadlenka, Dominik"]
[Result "1-0"]
[ECO "B12"]
[WhiteElo "1793"]
[BlackElo "1888"]
[Annotator "NA RC"]
[PlyCount "103"]
[EventDate "2024.03.10"]
[EventType "swiss"]
[EventCountry "CZE"]
[SourceTitle "playchess.com"]
[Source "ChessBase"]
[SourceQuality "1"]
[TimeControl "40/5400+30:1800+30"]

1. e4 c6 2. d4 d5 3. e5 c5 4. c3 Nc6 5. Nf3 Bg4 6. dxc5 {[%emt 0:00:21] B12: Caro-Kann: Advance Variation.} e6 7. Bb5 Bxc5 8. Bxc6+ bxc6 9. Qa4 Qb6 10. Qxg4 Bxf2+ 11. Ke2 Ne7 12. Qb4 Ng6 13. Qxb6 Bxb6 14. Re1 O-O 15. Be3 Rab8 16. b3 c5 17. a4 a5 18. Na3 f6 19. exf6 gxf6 20. Rad1 Ne7 21. Kf1 e5 22. Nb5 Rfd8 23. g4 Ng6 24. c4 e4 25. Nd2 d4 26. Bh6 e3 27. Ne4 Kf7 28. Ke2 Ne5 29. Bf4 Ke6 30. Bxe5 Kxe5 31. Ng3 Rg8 32. h3 Rg5 33. Rf1 Rf8 34. Rf3 Ke6 35. Rdf1 Bd8 36. Rf5 Rxf5 37. Rxf5 Bb6 38. Ne4 h5 39. Rxh5 f5 40. gxf5+ Ke5 $18 41. Kf3 Rxf5+ 42. Rxf5+ Kxf5 43. Nbd6+ Kg6 44. Nb7 Kh5 45. Nbxc5 Kh4 46. Ne6 d3 47. c5 e2 48. Kf2 Ba7 49. Nf4 Bb6 50. cxb6 e1=Q+ 51. Kxe1 d2+ 52. Nxd2 1-0

[Event "Czech Youth U14 Boys 2024"]
[Site "Kouty nad Desnou"]
[Date "2024.03.11"]
[Round "3.9"]
[White "Srba, Daniel"]
[Black "Macosek, Alex"]
[Result "1-0"]
[ECO "B13"]
[WhiteElo "1742"]
[BlackElo "1781"]
[Annotator "NA RC"]
[PlyCount "83"]
[EventDate "2024.03.10"]
[EventType "swiss"]
[EventCountry "CZE"]
[SourceTitle "playchess.com"]
[Source "ChessBase"]
[SourceQuality "1"]
[TimeControl "40/5400+30:1800+30"]

1. e4 c6 2. d4 d5 3. exd5 cxd5 4. Bd3 Nf6 5. h3 Nc6 6. c3 e6 7. Bf4 Bd6 8. Bxd6 Qxd6 9. Nf3 O-O 10. O-O a6 11. Re1 Bd7 12. Ne5 Rfc8 13. Re3 Be8 14. Nd2 b5 15. a3 Na5 16. g4 Nc4 17. Bxc4 bxc4 18. g5 Nd7 19. f4 Rab8 20. Rb1 Rb7 21. Rg3 Nf8 22. Ndf3 Rcb8 23. Rg2 Qxa3 24. Ra1 Qd6 25. Ra2 Ng6 26. Nxg6 hxg6 27. Ne5 Rb3 28. h4 Qb6 29. Qg4 Kf8 30. h5 gxh5 31. Qxh5 Ke7 32. Qh8 Rb7 33. Qxg7 Kd8 34. Qf6+ Kc8 35. Qh8 Kd8 36. Nxf7+ Rxf7 37. g6 Rd7 38. g7 Rxg7 39. Qxg7 Bd7 40. Qe5 Kc8 41. Rg8+ Kb7 42. Rb8+ 1-0

[Event "Czech Youth U14 Boys 2024"]
[Site "Kouty nad Desnou"]
[Date "2024.03.11"]
[Round "3.10"]
[White "Gregor, Alexandr"]
[Black "Stara, Zuzana"]
[Result "1-0"]
[ECO "B12"]
[WhiteElo "1777"]
[BlackElo "1807"]
[Annotator "NA RC"]
[PlyCount "51"]
[EventDate "2024.03.10"]
[EventType "swiss"]
[EventCountry "CZE"]
[SourceTitle "playchess.com"]
[Source "ChessBase"]
[SourceQuality "1"]
[TimeControl "40/5400+30:1800+30"]

1. e4 c6 2. d4 d5 3. e5 Bf5 4. h4 h5 5. Ne2 e6 6. Ng3 Bg6 7. Be2 c5 8. Nd2 {[%emt 0:23:38] B12: Caro-Kann: Advance Variation.} Nc6 9. Nf3 c4 10. c3 b5 11. Ng5 b4 12. Nxh5 bxc3 13. bxc3 Qa5 14. Bd2 Rb8 15. Nf4 Nge7 16. Nxg6 Nxg6 17. Bh5 Nce7 18. Qf3 Nf5 19. g4 Ngxh4 {[%emt 0:04:15] [#]} 20. Rxh4 $18 Nxh4 21. Qxf7+ Kd8 22. Nxe6+ Kc8 23. Qe8+ Kb7 24. Rb1+ Bb4 25. Rxb4+ Ka6 26. Qc6+ 1-0

[Event "Czech Youth U14 Boys 2024"]
[Site "Kouty nad Desnou"]
[Date "2024.03.11"]
[Round "3.11"]
[White "Lorenc, Matej"]
[Black "Jezek, Jakub"]
[Result "0-1"]
[ECO "B95"]
[WhiteElo "1637"]
[BlackElo "1854"]
[Annotator "NA RC"]
[PlyCount "118"]
[EventDate "2024.03.10"]
[EventType "swiss"]
[EventCountry "CZE"]
[SourceTitle "playchess.com"]
[Source "ChessBase"]
[SourceQuality "1"]
[TimeControl "40/5400+30:1800+30"]

1. e4 c5 2. Nf3 d6 3. d4 cxd4 4. Nxd4 Nf6 5. Nc3 a6 6. Bg5 e6 7. Be2 Be7 8. Qd2 Qc7 9. O-O b5 {[%emt 0:00:59] B95: Sicilian Najdorf: 6 Bg5 e6, unusual White 7th moves.} 10. a3 Bb7 11. f3 Nbd7 12. b4 Rc8 13. Nb1 O-O 14. Bd3 h6 15. Be3 Ne5 16. f4 Neg4 17. h3 Nxe3 18. Qxe3 Nd7 19. Nd2 Bf6 20. N2b3 Qb6 21. Rac1 (21. Rae1 $17) 21... Rc3 22. Rfe1 (22. Qf2 $17 {might work better.}) 22... Rfc8 23. Kf2 g6 24. Ne2 Qxe3+ 25. Kxe3 R3c7 26. Na5 Nb6 27. Nxb7 Rxb7 28. g4 Nc4+ 29. Bxc4 Rxc4 30. Red1 Be7 31. c3 Rbc7 32. Rd4 e5 33. fxe5 Bg5+ 34. Kd3 Bxc1 35. exd6 Rxd4+ 36. cxd4 Rd7 37. Nxc1 Rxd6 38. e5 Rc6 39. Nb3 h5 $2 (39... Rc4 $17 {and life is bright.} 40. Nc5 Kf8 41. Nxa6 Rc1) 40. Nc5 Kf8 41. d5 Rc8 42. Ke4 (42. Nxa6 $2 {is the wrong capture.} Ra8 43. a4 (43. Nc7 $2 Rxa3+ 44. Ke4 Rxh3 $19) 43... Rxa6 $19) 42... Ke7 43. d6+ (43. Nxa6 Rc4+ 44. Kd3 hxg4 45. d6+ Kd7 (45... Ke6 46. Nc7+ Kd7 47. hxg4 $19) 46. hxg4 Rxg4 47. Nc5+ Kc6 $19) 43... Kd8 44. gxh5 gxh5 45. Kf5 (45. Nxa6 $2 {perishes.} Rc3 46. h4 Rxa3 $19) 45... Ra8 46. Kg5 a5 47. bxa5 (47. Kxh5 axb4 48. axb4 Ra4 $17) 47... Rc8 48. Nb7+ Kd7 49. a6 Rc3 50. Kf6 Rf3+ 51. Kg7 Rxa3 52. Nc5+ Ke8 53. Kf6 $2 (53. Ne4 $18 Rxa6 54. Nf6+ Kd8 55. Kxf7 Ra7+ 56. Kf8) 53... Rf3+ 54. Kg5 $2 {[%emt 0:00:34] [#]} Rxh3 $2 ({Vorzuziehen ist} 54... b4 $1 $19 55. h4 (55. Kxh5 $2 {zu gefräßig.} Ra3 $19) 55... Rc3) 55. a7 $2 (55. e6 $11 fxe6 56. Kf6) 55... Ra3 56. a8=Q+ Rxa8 57. Kf6 $19 h4 58. d7+ Kf8 59. Nb7 h3 0-1

[Event "Czech Youth U14 Boys 2024"]
[Site "Kouty nad Desnou"]
[Date "2024.03.11"]
[Round "3.12"]
[White "Pogorelskiy, Boris"]
[Black "Trcalek, Filip"]
[Result "1-0"]
[ECO "C54"]
[WhiteElo "1747"]
[BlackElo "1615"]
[Annotator "NA RC"]
[PlyCount "59"]
[EventDate "2024.03.10"]
[EventType "swiss"]
[EventCountry "CZE"]
[SourceTitle "playchess.com"]
[Source "ChessBase"]
[SourceQuality "1"]
[TimeControl "40/5400+30:1800+30"]

1. e4 e5 2. Nf3 Nc6 3. Bc4 Bc5 4. c3 Nf6 5. d4 exd4 6. b4 Bb6 7. e5 d5 8. exf6 dxc4 9. Qe2+ Be6 10. b5 Nb8 11. fxg7 Rg8 12. cxd4 Ba5+ 13. Nbd2 Rxg7 14. O-O Qd5 15. Ne4 Nd7 16. Bg5 Bb4 17. a4 Be7 18. Bxe7 Kxe7 19. Nc3 Qh5 20. d5 Rag8 21. g3 Rg6 22. dxe6 fxe6 23. Nd4 Qc5 24. Rad1 Rh6 25. Rfe1 Rgg6 26. Qe4 Kf8 27. Qxb7 Kf7 28. Nxe6 Rxe6 29. Rxd7+ Kf6 30. Ne4+ 1-0